 Dungeon Crawl Stone Soup version 0.29.0-7-g18a832c13a (webtiles) character file.

Game seed: 14684713612978729836

283 Renzlar the Shield-Bearer (level 6, -3/53 HPs)
             Began as a Gnoll Fighter on Aug 31, 2022.
             Was an Initiate of Yredelemnul.
             Slain by an iguana (6 damage)
             ... on level 4 of the Dungeon.
             The game lasted 00:11:48 (3425 turns).

Renzlar the Shield-Bearer (Gnoll Fighter)           Turns: 3425, Time: 00:11:49

Health: -3/53      AC: 10    Str: 17    XL:     6   Next: 28%
Magic:  8/9        EV:  7    Int:  8    God:    Yredelemnul [......]
Gold:   161        SH:  5    Dex: 11    Spells: 9/9 levels left

rFire   . . .      SeeInvis .   a - +1 war axe
rCold   . . .      Faith    .   j - +0 buckler
rNeg    . . .      Spirit   .   e - +0 chain mail
rPois   .          Reflect  .   (no helmet)
rElec   .          Harm     .   (no cloak)
rCorr   .          Rampage  .   (no gloves)
Will    .....                   (no boots)
Stlth   ..........              (no amulet)
HPRegen 0.17/turn               (no ring)
MPRegen 0.11/turn               (no ring)

@: no status effects
A: fangs 1, strong nose, distributed training
a: Renounce Religion, Recall Undead Harvest


You were on level 4 of the Dungeon.
You worshipped Yredelemnul.
Yredelemnul was noncommittal.
You visited 1 branch of the dungeon, and saw 4 of its levels.

You collected 161 gold pieces.

Inventory:

Hand Weapons
 a - a +1 war axe (weapon)
 c - a +0 sling
 l - a +0 triple crossbow
 r - the +1 falchion "Mawohe" {vorpal, rC+ MP+9 SInv}
   (You found it on level 4 of the Dungeon)

   It inflicts extra damage upon your enemies.
   rC:        It protects you from cold.
   MP:        It affects your magic capacity (+9).
   SInv:      It lets you see invisible.
Armour
 b - a +0 scale mail
 e - a +0 chain mail (worn)
 j - a +0 buckler (worn)
Wands
 p - a wand of iceblast (13)
Scrolls
 n - a scroll of identify
 o - a scroll of fear {unknown}
 q - 2 scrolls of fog
Potions
 d - 3 potions of might
 f - a potion of cancellation {unknown}
 g - a potion of heal wounds
 h - a potion of flight {unknown}
 i - a potion of brilliance {unknown}
 k - 2 potions of mutation
 m - a potion of lignification {unknown}


   Skills:
 + Level 6.8 Fighting
 + Level 2.0 Short Blades
 + Level 2.0 Long Blades
 + Level 5.0 Axes
 + Level 2.0 Maces & Flails
 + Level 2.0 Polearms
 + Level 2.0 Staves
 + Level 2.0 Ranged Weapons
 + Level 2.0 Throwing
 + Level 6.8 Armour
 + Level 2.0 Dodging
 + Level 2.0 Stealth
 + Level 6.8 Shields
 + Level 2.0 Unarmed Combat
 + Level 2.0 Spellcasting
 + Level 1.5 Conjurations
 + Level 1.5 Hexes
 + Level 1.5 Summonings
 + Level 1.5 Necromancy
 + Level 1.5 Translocations
 + Level 1.5 Transmutations
 + Level 1.5 Fire Magic
 + Level 1.5 Ice Magic
 + Level 1.5 Air Magic
 + Level 1.5 Earth Magic
 + Level 1.5 Poison Magic
 + Level 2.2 Invocations
 + Level 2.0 Evocations


You had 9 spell levels left.
You didn't know any spells.
Your spell library contained the following spells:

 Spells                   Type           Power      Damage    Failure   Level
 Beastly Appendage        Tmut           6%         N/A       95%         1
 Sublimation of Blood     Necr           3%         N/A       99%         2
 Wereblood                Tmut           3%         N/A       99%         2
 Gell's Gravitas          Tloc           3%         N/A       100%        3
 Ignite Poison            Fire/Tmut/Pois 3%         N/A       100%        3
 Lesser Beckoning         Tloc           3%         N/A       100%        3
 Mephitic Cloud           Conj/Pois/Air  3%         N/A       100%        3
 Spider Form              Tmut/Pois      3%         N/A       100%        3
 Teleport Other           Tloc           3%         N/A       100%        3
 Freezing Cloud           Conj/Ice/Air   1%         6-21      100%        5
 Summon Hydra             Summ           1%         N/A       100%        7


Dungeon Overview and Level Annotations

Branches:
Dungeon (4/15)
 Temple: D:4-7

Altars:
Yredelemnul


Innate Abilities, Weirdness & Mutations

You have very sharp teeth.
Your uncanny sense of smell can sniff out nearby items.
Your experience applies equally to all skills.


Message History

a +0 whip; 3 boomerangs; a +0 leather armour You hit the gnoll.
Your bite misses the gnoll.
The gnoll is moderately wounded.
You hit the gnoll. The gnoll barely misses you.
The gnoll hits you but does no damage. The gnoll barely misses you.
The gnoll hits you but does no damage. The gnoll hits you with a +0 spear.
* * * LOW HITPOINT WARNING * * *
The gnoll hits you from afar with a +0 spear.
* * * LOW HITPOINT WARNING * * *
You hit the gnoll but do no damage.
The gnoll is moderately wounded.
You slash the gnoll! You block the gnoll's attack.
The gnoll hits you but does no damage. You block the gnoll's attack.
You slash the gnoll!
You kill the gnoll!
You hit the gnoll.
You kill the gnoll!
The dead are walking!
The gnoll barely misses you.
Your Short Blades skill increases to level 2!
Your Long Blades skill increases to level 2!
Your Maces & Flails skill increases to level 2!
Your Polearms skill increases to level 2!
Your Staves skill increases to level 2!
Your Ranged Weapons skill increases to level 2!
Your Throwing skill increases to level 2!
Your Dodging skill increases to level 2!
Your Stealth skill increases to level 2!
Your Unarmed Combat skill increases to level 2!
Your Spellcasting skill increases to level 2!
Your Evocations skill increases to level 2!
You barely miss the iguana. Your bite misses the iguana.
The gnoll hits you but does no damage. The iguana bites you.
* * * LOW HITPOINT WARNING * * *
Unknown command.
You barely miss the iguana. Your bite misses the iguana.
The gnoll hits you from afar with a +0 spear.
* * * LOW HITPOINT WARNING * * *
You block the iguana's attack. The iguana bites you.
You die...
Your body rises from the dead as a mindless zombie.

.# ##.#.###############
## #...................
#.#.#..#.######.########
#.#.#..#.#...Z..#
#.#.#..#.##.###.######
#.#.#....Z..#.......<#
#.#.#..)Z#..+........#
#.#.#....#.##........#
#.#.#..###.##.#@######
##.#)..........)l#
....)##.###.##.Z.g.l...#
##.#.#....#........g....
...#.#..#.############..
####.#...... ..#..# ###
### .#


You could see an iguana (ally target), a gnoll and a friendly gnoll zombie.

Vanquished Creatures
  A hound (D:4)
  Jessica (D:2)
  3 gnolls (D:4)
  7 adders
  A worm (D:2)
  4 dart slugs
  11 orcs
  2 bats (D:1)
  6 endoplasms
  4 giant cockroaches
  10 goblins
  9 hobgoblins
  10 jackals
  6 kobolds
  5 quokkas
  9 ball pythons
  11 frilled lizards (D:1)
  A goblin zombie (D:3)
  3 rats
104 creatures vanquished.

Vanquished Creatures (collateral kills)
  An orc (D:4)
  An endoplasm (D:3)
  A hobgoblin (D:4)
  A kobold (D:3)
4 creatures vanquished.

Vanquished Creatures (others)
  A hound zombie (D:4)
  2 adder zombies
  A ball python zombie (D:3)
  An endoplasm zombie (D:2)
  A giant cockroach zombie (D:3)
  A gnoll zombie (D:4)
  A goblin zombie (D:4)
  2 hobgoblin zombies
  2 kobold zombies
  8 orc zombies
20 creatures vanquished.

Grand Total: 128 creatures vanquished

Notes
Turn   | Place    | Note
-------+----------+-------------------------------------------
     0 | D:1      | Renzlar the Gnoll Fighter began the quest for the Orb.
     0 | D:1      | Reached XP level 1. HP: 23/23 MP: 1/1
   149 | D:1      | Reached XP level 2. HP: 29/29 MP: 2/2
   470 | D:1      | Reached XP level 3. HP: 35/35 MP: 3/3
   498 | D:1      | Found a faded altar of an unknown god.
   603 | D:1      | Reached skill level 1 in Invocations
   963 | D:2      | Reached skill level 1 in Short Blades
   963 | D:2      | Reached skill level 1 in Long Blades
   963 | D:2      | Reached skill level 1 in Maces & Flails
   963 | D:2      | Reached skill level 1 in Polearms
   963 | D:2      | Reached skill level 1 in Staves
   963 | D:2      | Reached skill level 1 in Ranged Weapons
   963 | D:2      | Reached skill level 1 in Throwing
   963 | D:2      | Reached skill level 1 in Dodging
   963 | D:2      | Reached skill level 1 in Stealth
   963 | D:2      | Reached skill level 1 in Unarmed Combat
   963 | D:2      | Reached skill level 1 in Spellcasting
   963 | D:2      | Reached skill level 1 in Evocations
  1260 | D:2      | Found a basalt altar of Yredelemnul.
  1269 | D:2      | Reached XP level 4. HP: 35/41 MP: 5/5
  1332 | D:2      | Became a worshipper of Yredelemnul the Dark
  1479 | D:2      | Noticed Jessica
  1486 | D:2      | Killed Jessica
  1487 | D:2      | Reached skill level 1 in Conjurations
  1487 | D:2      | Reached skill level 1 in Hexes
  1487 | D:2      | Reached skill level 1 in Summonings
  1487 | D:2      | Reached skill level 1 in Necromancy
  1487 | D:2      | Reached skill level 1 in Translocations
  1487 | D:2      | Reached skill level 1 in Transmutations
  1487 | D:2      | Reached skill level 1 in Fire Magic
  1487 | D:2      | Reached skill level 1 in Ice Magic
  1487 | D:2      | Reached skill level 1 in Air Magic
  1487 | D:2      | Reached skill level 1 in Earth Magic
  1487 | D:2      | Reached skill level 1 in Poison Magic
  1499 | D:2      | Reached * piety under Yredelemnul
  1780 | D:3      | Reached XP level 5. HP: 43/47 MP: 5/7
  3100 | D:4      | Reached XP level 6. HP: 51/53 MP: 8/8
  3203 | D:4      | Identified the +1 falchion "Mawohe" {vorpal, rC+ MP+9 SInv}
  3404 | D:4      | Reached skill level 5 in Axes
  3425 | D:4      | Slain by an iguana

Illustrated notes

Levels and vault maps discovered:
D:1:      shiori_shiawase, layout_rooms, shapermc_ecumenical_altar_venn,
          minmay_lizard_pond
D:2:      layout_rooms, basic_altar, uniq_jessica
D:3:      minmay_chambers_of_threes, layout_loops_ring
D:4:      layout_basic, uniq_edmund

Skill      XL: |  1  2  3  4  5  6 |
---------------+-------------------+-----
Invocations    | 1 2 |  2.2
Short Blades   | 1 2 |  2.0
Long Blades    | 1 2 |  2.0
Maces & Flails | 1 2 |  2.0
Polearms       | 1 2 |  2.0
Staves         | 1 2 |  2.0
Ranged Weapons | 1 2 |  2.0
Throwing       | 1 2 |  2.0
Dodging        | 1 2 |  2.0
Stealth        | 1 2 |  2.0
Unarmed Combat | 1 2 |  2.0
Spellcasting   | 1 2 |  2.0
Evocations     | 1 2 |  2.0
Conjurations   | 1 |  1.5
Hexes          | 1 |  1.5
Summonings     | 1 |  1.5
Necromancy     | 1 |  1.5
Translocations | 1 |  1.5
Transmutations | 1 |  1.5
Fire Magic     | 1 |  1.5
Ice Magic      | 1 |  1.5
Air Magic      | 1 |  1.5
Earth Magic    | 1 |  1.5
Poison Magic   | 1 |  1.5
Axes           | 5 |  5.0
Fighting       | |  6.8
Armour         | |  6.8
Shields        | |  6.8

Action                   |  1- 3 |  4- 6 || total
-------------------------+-------+-------++-------
Melee: War axe           |   116 |    44 ||   160
       Bite              |    11 |     3 ||    14
 Fire: Triple crossbow   |       |    76 ||    76
       Sling             |       |     1 ||     1
  Use: Scroll            |     2 |     4 ||     6
Armor: Chain mail        |    52 |    96 ||   148
Dodge: Dodged            |    26 |    68 ||    94
Block: Buckler           |    27 |    11 ||    38
